 Dungeon Crawl Stone Soup version 0.27.0-1-g7a089689b8 (webtiles) character file.

Game seed: 16243799694688638354

35 Leeroy the Slasher (level 3, -3/28 HPs)
             Began as a Djinni Warper on Aug 6, 2021.
             Was a Believer of Zin.
             Frozen to death by an endoplasm (4 damage)
             ... on level 2 of the Dungeon.
             The game lasted 00:03:57 (1328 turns).

Leeroy the Slasher (Djinni Warper)                  Turns: 1328, Time: 00:03:58

Health: -3/28      AC:  4    Str: 11    XL:     3   Next: 52%
Gold:   69         EV: 11    Int: 16    God:    Zin [**....] SH:  0 Dex: 13

rFire    + + .     SeeInvis .   h - +0 long sword
rCold    x . .     Faith    .   (no shield)
rNeg     . . .     Spirit   .   b - +0 leather armour
rPois    ∞         Reflect  .   e - +0 helmet
rElec    .         Harm     .   (no cloak)
rCorr    .         Rampage  .   (no gloves)
Will     .....                  (boots unavailable)
Stlth    +.........             (no amulet)
HPRegen  0.09/turn              (no ring)
MPRegen  0.00/turn              (no ring)

@: vitalised, flying
A: sickness immunity, fire resistance 2, cold vulnerability 1, float, innate
caster, hp casting, extra vitality 1
a: Renounce Religion, Recite, Vitalisation, Donate Gold


You were on level 2 of the Dungeon.
You worshipped Zin.
Zin was pleased with you.
You visited 1 branch of the dungeon, and saw 2 of its levels.

You collected 76 gold pieces.
You donated 7 gold pieces to Zin.

Inventory:

Hand Weapons
 a - a +0 falchion
 h - a +0 long sword (weapon)
Missiles
 d - 5 boomerangs of dispersal (quivered)
Armour
 b - a +0 leather armour (worn)
 e - a +0 helmet (worn)
Scrolls
 c - 2 scrolls of blinking
 f - a scroll of noise {unknown}
Potions
 g - a potion of brilliance {unknown}
 i - a potion of magic {unknown}


   Skills:
 - Level 2.0 Fighting
 + Level 3.3 Long Blades
 - Level 0.7 Throwing
 - Level 1.0 Armour
 - Level 2.1 Dodging
 - Level 2.4 Spellcasting


You couldn't memorise any spells.
You knew the following spells:

 Your Spells              Type           Power      Damage    Failure   Level
a - Blink                 Tloc           N/A        N/A       14%         2
b - Lesser Beckoning      Tloc           4%         N/A       28%         3
c - Gell's Gravitas       Tloc           4%         N/A       28%         3
d - Teleport Other        Tloc           9%         N/A       28%         3
e - Manifold Assault      Tloc           9%         N/A       95%         5
f - Freeze                Ice            36%        1d6       10%         1
Your spell library was empty.

Dungeon Overview and Level Annotations

Branches:
Dungeon (2/15)

Altars:
Zin


Innate Abilities, Weirdness & Mutations

You are immune to sickness and miasma.
You are immune to poison.
Your flesh is very heat resistant. (rF++)
You are vulnerable to cold. (rC-)
You float through the air rather than walking.
You learn spells naturally, not from books.
Your magical power is your life essence.
You have superior vitality. (+4 HP)


Message History

The jackal bites you but does no damage.
The jackal barely misses you.
You riposte.
You slash the jackal!
You kill the jackal!
The hobgoblin hits you.
An endoplasm comes into view.
You barely miss the jackal.
The jackal bites you but does no damage.
The jackal bites you. The endoplasm closely misses you.
The hobgoblin barely misses you.
You hit the jackal.
The jackal is severely wounded.
The jackal barely misses you.
You riposte.
You slash the jackal!
You kill the jackal!
The hobgoblin misses you.
You riposte.
You hit the hobgoblin but do no damage.
The endoplasm hits you but does no damage.
An adder comes into view.
The hobgoblin hits you. The endoplasm freezes you.
You are frozen!
You feel a terrible chill! Zin grants you divine stamina.
You are divinely vitalised.
You are flying.
Your flying speed is average.
Your attack delay is about 1.2.
Your base attributes are Str 10, Int 15, Dex 12.
You slash the endoplasm!
You kill the endoplasm!
The hobgoblin barely misses you.
You hit the hobgoblin.
You kill the hobgoblin!
The hobgoblin hits you but does no damage. x2
You hit the hobgoblin.
You kill the hobgoblin!
The endoplasm freezes you.
You are frozen!
You feel a terrible chill!
* * * LOW HITPOINT WARNING * * *
You hit the endoplasm.
The endoplasm is severely wounded.
A rat comes into view.
The endoplasm freezes you.
You are frozen.
You feel a terrible chill!
You die...

..... #.. .....
#.#.###.#...)..
##########.#.##..#......
<................†......
........#.†#..#.........
######)..#......#......
.............#..#........
..######......J###.......
#.....#.......@## #......
#...............#####.#....
#...........................
#(...........≈≈.≈≈.......S.
#............≈....##.#....
#..........≈≈.....r...#
#................###..#
#...............## ..
#....†..<.....## .


You could see an endoplasm and a rat (wandering).

Vanquished Creatures
  2 dart slugs
  6 bats (D:1)
  2 endoplasms
  2 goblins
  2 hobgoblins (D:2)
  4 jackals (D:2)
  2 quokkas
  2 ball pythons (D:1)
  3 frilled lizards (D:1)
  2 kobolds (D:1)
  2 rats
29 creatures vanquished.

Notes
Turn   | Place    | Note
-------+----------+-------------------------------------------
     0 | D:1      | Leeroy the Djinni Warper began the quest for the Orb.
     0 | D:1      | Reached XP level 1. HP: 18/18 MP: 0/0
    48 | D:1      | Reached skill level 2 in Long Blades
   104 | D:1      | Reached XP level 2. HP: 18/23 MP: 0/0
   267 | D:1      | Found a faded altar of an unknown god.
   355 | D:1      | Became a worshipper of Zin the Law-Giver
   355 | D:1      | Reached * piety under Zin
  1092 | D:1      | Reached ** piety under Zin
  1133 | D:2      | Reached XP level 3. HP: 28/28 MP: 0/0
  1133 | D:2      | Learned a level 1 spell: Freeze
  1137 | D:2      | Reached skill level 3 in Long Blades
  1327 | D:2      | HP: 1/28 [frozen (7)]
  1328 | D:2      | Frozen to death by an endoplasm

Illustrated notes

Levels and vault maps discovered:
D:1:      dpeg_arrival_signposts, layout_basic,
          shapermc_ecumenical_altar_totnotflames
D:2:      layout_rooms, chequers_serial_rivers_micro_c

Skill      XL: |  1  2  3 |
---------------+----------+-----
Long Blades    | 2 3 |  3.3
Fighting       | |  2.0
Throwing       | |  0.7
Armour         | |  1.0
Dodging        | |  2.1
Spellcasting   | |  2.4

Action                   || total
-------------------------++-------
Melee: Falchion          ||    22
       Long sword        ||    47
 Cast: Freeze            ||     2
Invok: Vitalisation      ||     1
 Stab: Sleeping          ||     1
Armor: Leather armour    ||    32
Dodge: Dodged            ||    68
       Rpst.: Falchion   ||    10
       Long sword        ||    19
